 Dungeon Crawl Stone Soup version 0.30.0 (webtiles) character file.

Game seed: 10043045201611768563

62 Meow the Conjurer (level 4, 36/36 HPs)
             Began as a Naga Conjurer on Dec 20, 2023.
             Quit the game on level 2 of the Dungeon.
             The game lasted 00:02:41 (1372 turns).

Meow the Conjurer (Naga Conjurer)                   Turns: 1372, Time: 00:02:42

Health: 36/36      AC:  2    Str:  9    XL:     4   Next: 8%
Magic:  2/8        EV:  9    Int: 20    God:
Gold:   128        SH:  0    Dex: 10    Spells: 3/9 levels left

rFire   . . .        a - +2 dagger (speed)
rCold   . . .        (no shield)
rNeg    . . .        d - +0 robe
rPois   +            (no helmet)
rElec   .            (no cloak)
rCorr   .            (no gloves)
SInv    +            (no barding)
Will    .....        (no amulet)
Stlth   ++           (no ring)
HPRegen 0.26/turn    (no ring)
MPRegen 0.11/turn

%: no passive effects
@: very slow
A: AC +1, large, see invisible, deformed body, poison resistance, slowness 2,
spit poison 1, naga tail 1
a: Spit Poison


You were on level 2 of the Dungeon.
You visited 1 branch of the dungeon, and saw 2 of its levels.

You collected 128 gold pieces.

Inventory:

Hand Weapons
 a - a +2 dagger of speed (weapon)
Missiles
 g - 2 javelins
Armour
 d - a +0 robe (worn)
Scrolls
 c - a scroll of fog
 h - a scroll of identify {unknown}
Potions
 b - a potion of magic
 e - 3 potions of resistance {unknown}
 f - 3 potions of curing {unknown}


   Skills:
 - Level 1.5 Dodging
 - Level 3.0 Stealth
 + Level 3.1 Spellcasting
 + Level 4.8 Conjurations


You had 3 spell levels left.
You knew the following spells:

 Your Spells              Type           Power      Damage    Failure   Level
a - Magic Dart            Conj           88%        1d7       1%          1
b - Searing Ray           Conj           44%        2d6       3%          2
c - Mephitic Cloud        Conj/Pois/Air  9%         N/A       22%         3

Your spell library contained the following spells:

 Spells                   Type           Power      Damage    Failure   Level
 Dazzling Flash           Conj/Hex       24%        N/A       16%         3
 Poisonous Vapours        Pois/Air       6%         N/A       22%         2
 Fulminant Prism          Conj/Hex       6%         3d6       45%         4
 Iskenderun's Mystic Bla  Conj/Tloc      12%        2d5       45%         4
 Freezing Cloud           Conj/Ice/Air   4%         6-21      90%         5


Dungeon Overview and Level Annotations

Branches:
Dungeon (2/15)

Altars:
Kikubaaqudgha


Innate Abilities, Weirdness & Mutations

Your serpentine skin is tough. (AC +1)
You have supernaturally acute eyesight. (SInv)
Armour fits poorly on your strangely shaped body.
Your system is resistant to poisons. (rPois)
You cover ground very slowly.
You can spit poison.
You have a snake-like lower body.


Message History

You have got your breath back.
You now have 128 gold pieces (gained 11).
You see here a human skeleton.
You see here a human skeleton.
An adder comes into view.
You see here a book of Lightning.
Casting: Magic Dart (safe; 1% risk of failure)
Confirm with . or Enter, or press ? or * to list all spells.
Aiming: Magic Dart (safe; 1% risk of failure)
Press: ? - help, Shift-Dir - straight line, f - adder
Aim: an adder (asleep, 100% to hit)
The magic dart hits the adder.
The adder is lightly wounded.
The adder hisses angrily.
Casting: Magic Dart (safe; 1% risk of failure)
Confirm with . or Enter, or press ? or * to list all spells.
Aiming: Magic Dart (safe; 1% risk of failure)
Press: ? - help, Shift-Dir - straight line, f/p - adder
Aim: an adder (lightly wounded, 100% to hit)
The magic dart hits the adder.
The adder is heavily wounded.
Aiming: Spit Poison (2% risk of failure)
Press: ? - help, Shift-Dir - straight line, f/p - adder
Aim: an adder (heavily wounded, 37% to hit)
The splash of poison misses the adder.
Unknown command.
Casting: Magic Dart (safe; 1% risk of failure)
Confirm with . or Enter, or press ? or * to list all spells.
Aiming: Searing Ray (safe; 3% risk of failure)
Press: ? - help, Shift-Dir - straight line, f/p - adder
Aim: an adder (heavily wounded, 63% to hit)
The searing ray misses the adder. (Press . to maintain the ray.) Unknown command.
The searing ray hits the adder.
You kill the adder!
You have got your breath back.
You have reached level 4!
You feel agile.
Are you sure you want to abandon this character and quit the game? (Confirm with "yes".)

#..###....#..# #.._...<#
##÷÷####.##### #.......#
##..##.##.#####....)#.###
##...##.....##..####....
.#####...##.##.#########
.........##........#
#####.#.##########.#
#.#.# #.# # #@# #.# #.#
#.# #†# #.# #.# #.# ...
#.# ..# #.# ..# #.# #...
#.# #.#####


There were no monsters in sight!

Vanquished Creatures
  A gnoll (D:1)
  2 adders (D:2)
  5 endoplasms
  3 goblins
  4 hobgoblins (D:1)
  4 quokkas (D:1)
  2 ball pythons (D:1)
  2 bats (D:1)
  2 frilled lizards
  4 kobolds
  6 rats
35 creatures vanquished.

Notes
Turn   | Place    | Note
-------+----------+-------------------------------------------
     0 | D:1      | Meow the Naga Conjurer began the quest for the Orb.
     0 | D:1      | Reached XP level 1. HP: 15/15 MP: 3/3
   197 | D:1      | Reached XP level 2. HP: 22/22 MP: 0/5
   200 | D:1      | Learned a level 2 spell: Searing Ray
   553 | D:1      | Found a faded altar of an unknown god.
   559 | D:1      | Reached XP level 3. HP: 28/28 MP: 0/7
  1198 | D:2      | Learned a level 3 spell: Mephitic Cloud
  1219 | D:2      | Found an ancient bone altar of Kikubaaqudgha.
  1372 | D:2      | Reached XP level 4. HP: 36/36 MP: 2/8
  1372 | D:2      | Quit the game

Illustrated notes

Levels and vault maps discovered:
D:1:      saegor_arrival_under_anarchy, layout_basic,
          chequers_ecumenical_altar_simple_redux, hangedman_feature_mirror,
          minivault_23, hangedman_decor_points, chequers_serial_rivers_large_b
D:2:      layout_loops_ring, basic_altar, wander_ebering_terrifying_dragon_lair

Skill      XL: |  1  2  3 |
---------------+----------+-----
Spellcasting   | 3 |  3.1
Dodging        | |  1.5
Stealth        | |  3.0
Conjurations   | |  4.8

Action                     |  1- 3 |  4- 6 || total
---------------------------+-------+-------++-------
   Cast: Magic Dart        |    44 |       ||    44
         Searing Ray       |     4 |       ||     4
Ability: Spit Poison       |    17 |       ||    17
    Use: Scroll            |     1 |       ||     1
  Dodge: Dodged            |     2 |       ||     2
